 Dungeon Crawl Stone Soup version 0.30-a0-862-g1aabd4f9c5 (webtiles) character file.

Game seed: 18000294555019488866

32 Newt the Shooter (level 3, -1/24 HPs)
             Began as a Kobold Hunter on Mar 9, 2023.
             Slain by a gnoll
             ... wielding a +0 spear
              (3 damage)
             ... on level 2 of the Dungeon.
             The game lasted 00:00:38 (960 turns).

Newt the Shooter (Kobold Hunter)                     Turns: 960, Time: 00:00:38

Health: -1/24      AC:  3    Str:  8    XL:     3   Next: 45%
Magic:  3/3        EV: 14    Int: 10    God:
Gold:   67         SH:  0    Dex: 20    Spells: 2/2 levels left

rFire   . . .      SeeInvis .    a - +0 shortbow
rCold   . . .      Faith    .    (shield currently unavailable)
rNeg    . . .      Spirit   .    c - +0 leather armour
rPois   .          Reflect  .    (no helmet)
rElec   .          Rampage  .    (no cloak)
rCorr   .                        (no gloves)
Will    .....                    (no boots)
Stlth   +++                      (no amulet)
HPRegen 0.24/turn                (no ring)
MPRegen 0.08/turn                (no ring)

@: attractive
A: small, no large weapons, nightstalker 3
a: no special abilities


You were on level 2 of the Dungeon.
You visited 1 branch of the dungeon, and saw 2 of its levels.

You collected 67 gold pieces.

Inventory:

Hand Weapons
 a - a +0 shortbow (weapon)
Armour
 c - a +0 leather armour (worn)
Scrolls
 b - a scroll of immolation
 e - a scroll of identify {unknown}
 f - a scroll of noise {unknown}


   Skills:
 + Level 4.0 Fighting
 - Level 5.3 Ranged Weapons
 - Level 2.4 Dodging
 - Level 1.3 Stealth


You had 2 spell levels left.
You didn't know any spells.
Your spell library was empty.

Dungeon Overview and Level Annotations

Branches:
Dungeon (2/15)

Altars:


Innate Abilities, Weirdness & Mutations

You are small and have problems with some larger weapons.
You are completely attuned to the shadows.


Message History

The adder attacks as you move away! The adder misses you.
The adder bites you but does no damage. The adder attacks as you move away!
The adder bites you. The adder closely misses you.
You shoot an arrow. The arrow hits the adder.
The adder is almost dead.
The adder closely misses you.
You shoot an arrow. The arrow hits the adder.
You kill the adder!
The giant cockroach bites you but does no damage.
Your Fighting skill increases to level 4!
You shoot an arrow. The arrow hits the giant cockroach.
The giant cockroach is moderately wounded.
The gnoll misses you. The giant cockroach barely misses you.
Fire: a) +0 shortbow
Press: ? - help, Shift-Dir - straight line, f - gnoll, p - giant cockroach
Aim: a gnoll, wielding a +0 spear (69% to hit)
You shoot an arrow. The arrow hits the giant cockroach.
You kill the giant cockroach!
The gnoll closely misses you. x2
Unknown command.
Fire: a) +0 shortbow
Press: ? - help, Shift-Dir - straight line, f - gnoll, p - gnoll
Aim: a gnoll, wielding a +0 whip (69% to hit)
You shoot an arrow. The arrow barely misses the gnoll.
The arrow hits the gnoll.
The gnoll is moderately wounded.
The gnoll closely misses you.
Fire: a) +0 shortbow
Press: ? - help, Shift-Dir - straight line, f/p - gnoll
Aim: a gnoll, wielding a +0 whip (69% to hit)
You shoot an arrow. The arrow barely misses the gnoll.
The arrow closely misses the gnoll.
The gnoll hits you from afar with a +0 spear!
* * * LOW HITPOINT WARNING * * *
Unknown command.
It was a potion of attraction.
You feel attractive to monsters.
The gnoll hits you from afar with a +0 spear.
You die...

#P.~# ##g#.## ##.~## #.g...#
#P~P# ####g#.#.# ##~P##
#####...B.... #P~.#
....#.#######. #P~.##
.....g# ##P~..##....#g#
#.P~..P######†# #PPP~.P.#
#@# #####~##### #.#
#.........# #.#######.#
#.......#.####.........
###.##........###.##.##.####
............#.# #.##.##.....
#...##..#####.###.##.......#
#)..##..##....).#.#####..#.#
...........##.#.#.#####..#


You could see 2 gnolls.

Vanquished Creatures
  An adder (D:2)
  A giant cockroach (D:2)
  A goblin (D:2)
  2 hobgoblins (D:1)
  2 jackals (D:2)
  4 kobolds
  A quokka (D:1)
  3 ball pythons (D:1)
  4 bats
  2 frilled lizards
  2 rats (D:1)
23 creatures vanquished.

Notes
Turn   | Place    | Note
-------+----------+-------------------------------------------
     0 | D:1      | Newt the Kobold Hunter began the quest for the Orb.
     0 | D:1      | Reached XP level 1. HP: 12/12 MP: 1/1
   271 | D:1      | Reached XP level 2. HP: 18/18 MP: 2/2
   793 | D:2      | Reached XP level 3. HP: 23/23 MP: 3/3
   842 | D:2      | Found a faded altar of an unknown god.
   960 | D:2      | Slain by a gnoll

Illustrated notes

Levels and vault maps discovered:
D:1:      shiori_shiawase, layout_basic
D:2:      layout_loops_cross, shapermc_ecumenical_altar_hornbeckon

Skill      XL: |  1  2  3 |
---------------+----------+-----
Fighting       | 3 4 |  4.0
Ranged Weapons | |  5.3
Dodging        | |  2.4
Stealth        | |  1.3

Action                     || total
---------------------------++-------
   Fire: Shortbow          ||    51
    Use: Potion            ||     1
 Armour: Leather armour    ||    10
  Dodge: Dodged            ||    37

Table legend: (Time is in decaauts)
 A = Elapsed time spent in this place.
 B = Non-inter-level travel time spent in this place.
 C = Inter-level travel time spent in this place.
 D = Time resting spent in this place.
 E = Time spent auto-exploring this place.
 F = Levels seen in this place.
 G = Mean time per level.
                   A        B        C        D        E       F      G
               +--------+--------+--------+--------+--------+-----+--------+
         Total |    979 |    960 |     19 |      0 |    854 |   2 |  489.5 |
       Dungeon |    979 |    960 |     19 |      0 |    854 |   2 |  489.5 |
               +--------+--------+--------+--------+--------+-----+--------+

Top non-repeatable levels by time:
     D:1: 771 daAuts
     D:2: 207 daAuts
